 Dungeon Crawl Stone Soup version 0.24-a0-434-gd57e52fea8 (webtiles) character file.

Game seed: 691700726570371877

332 BorisKarlOrff the Cudgeler (level 6, 0/38 HPs)
             Began as a Gargoyle Berserker on June 15, 2019.
             Was a Believer of Trog.
             Slain by a killer bee (5 damage)
             ... on level 4 of the Dungeon.
             The game lasted 00:07:26 (2418 turns).

BorisKarlOrff the Cudgeler (Gargoyle Berserker)     Turns: 2418, Time: 00:07:27

Health: 0/38       AC: 18    Str: 21    XL:     6   Next: 52%
Magic:  6/6        EV:  8    Int:  8    God:    Trog [**....]
Gold:   207        SH:  0    Dex: 10    Spells: 5/5 levels left

rFire    . . .     SeeInvis .   a - +0 mace
rCold    . . .     Gourm    .   (no shield)
rNeg     + . .     Faith    .   h - +0 chain mail
rPois    ∞         Spirit   .   j - +2 hat
rElec    +         Reflect  .   (no cloak)
rCorr    .         Harm     .   k - +2 pair of gloves
MR       .....                  (no boots)
Stlth    ..........             (no amulet)
HPRegen  0.12/turn              (no ring)
MPRegen  0.10/turn              (no ring)

@: no status effects
A: negative energy resistance 1, electricity resistance, unbreathing,
petrification resistance, rot immunity, AC +4
a: Berserk, Trog's Hand, Renounce Religion


You were on level 4 of the Dungeon.
You worshipped Trog.
Trog was pleased with you.
You were full.

You visited 1 branch of the dungeon, and saw 4 of its levels.

You collected 207 gold pieces.

Inventory:

Hand Weapons
 a - a +0 mace (weapon)
Armour
 h - a +0 chain mail (worn)
 j - a +2 hat (worn)
 k - a +2 pair of gloves (worn)
Jewellery
 n - a +5 ring of intelligence {unknown}
Scrolls
 b - 2 scrolls of random uselessness {unknown}
 d - 2 scrolls of enchant weapon
 e - a scroll of magic mapping
 f - 3 scrolls of identify
 g - 2 scrolls of teleportation {unknown}
 i - a scroll of enchant armour {unknown}
Potions
 l - a potion of flight {unknown}
 m - a potion of ambrosia {unknown}
Comestibles
 c - 5 rations


   Skills:
 + Level 4.3 Fighting
 + Level 5.4 Maces & Flails
 + Level 3.5 Armour
 + Level 2.5 Dodging
 + Level 0.4 Stealth


You had 5 spell levels left.
You didn't know any spells.
Your spell library was empty.

Dungeon Overview and Level Annotations

Branches:
Dungeon (4/15)
 Temple: D:4-7

Altars:
Cheibriados
Elyvilon
Hepliaklqana


Innate Abilities, Weirdness & Mutations

You are resistant to torment.
Your stone body is resilient. (AC +4)
You are immune to poison.
You resist negative energy. (rN+)
You are resistant to electric shocks. (rElec)
You can survive without breathing.
You are immune to petrification.
You are immune to rotting.


Message History

The killer bee stings you.
* * * LOW HITPOINT WARNING * * *
The howler monkey hits you but does no damage.
You miss the killer bee.
The killer bee is almost dead.
The killer bee stings you but does no damage.
The killer bee stings you.
* * * LOW HITPOINT WARNING * * *
The howler monkey hits you but does no damage.
The killer bee stings you but does no damage.
You closely miss the killer bee.
The killer bee is almost dead.
The killer bee stings you but does no damage.
The howler monkey hits you.
* * * LOW HITPOINT WARNING * * *
The killer bee stings you but does no damage.
You hit the killer bee but do no damage.
The killer bee is almost dead.
The killer bee stings you.
You die...

#########
....hyy@#
#######h#
#y#
.#######o##
.....y%lS.#
########..#
#..# #..#
....


You could see a howler monkey, a hound, 3 killer bees, an adder, an orc and a
leopard gecko.

Vanquished Creatures
  Sigmund (D:2)
  A killer bee (D:4)
  Natasha (twice) (D:2)
  2 adders (D:2)
  A worm (D:3)
  3 dart slugs (D:1)
  A leopard gecko (D:2)
  2 ball pythons
  3 giant cockroaches
  7 goblins
  8 hobgoblins
  2 quokkas (D:2)
  6 bats
  6 frilled lizards
  2 kobolds
  4 rats
51 creatures vanquished.

Notes
Turn   | Place    | Note
-------+----------+-------------------------------------------
     0 | D:1      | BorisKarlOrff the Gargoyle Berserker began the quest for
                  | the Orb.
     0 | D:1      | Reached XP level 1. HP: 14/14 MP: 1/1
   290 | D:1      | Reached XP level 2. HP: 11/19 MP: 2/2
   668 | D:1      | Reached XP level 3. HP: 24/24 MP: 3/3
   936 | D:2      | Noticed Natasha
  1205 | D:3      | Reached ** piety under Trog
  1521 | D:3      | Found a white marble altar of Elyvilon.
  1703 | D:2      | Found a hazy altar of Hepliaklqana.
  1703 | D:2      | Found a snail-covered altar of Cheibriados.
  1781 | D:2      | Killed Natasha
  1781 | D:2      | Reached skill level 4 in Maces & Flails
  1781 | D:2      | Reached XP level 4. HP: 27/29 MP: 4/4
  1861 | D:2      | Noticed Sigmund
  1871 | D:2      | Killed Sigmund
  1871 | D:2      | Reached skill level 5 in Maces & Flails
  1871 | D:2      | Reached XP level 5. HP: 33/33 MP: 5/5
  1871 | D:2      | Reached XP level 6. HP: 38/38 MP: 6/6
  2037 | D:2      | Noticed Natasha
  2049 | D:2      | Killed Natasha
  2418 | D:4      | Slain by a killer bee

Levels and vault maps discovered:
D:1:      dpeg_arrival_rooms_a, layout_basic
D:2:      layout_loops_ring, nicolae_overflow_hidden_temple, uniq_sigmund,
          uniq_natasha
D:3:      layout_loops_ring, nicolae_overflow_crystal_walls,
          chequers_mini_garden, minmay_misc_feat_room, hangedman_feature_mirror
D:4:      layout_loops_ring, lemuel_zombie_altar_yredelemnul,
          grunt_dithmenos_smoke, first_ration

Skill      XL: |  1  2  3  4  5  6 |
---------------+-------------------+-----
Dodging        | 2 |  2.5
Maces & Flails | 4 5 |  5.4
Fighting       | 4 |  4.3
Armour         | 3 |  3.5
Stealth        | |  0.4

Action                   |  1- 3 |  4- 6 || total
-------------------------+-------+-------++-------
Melee: Mace              |   177 |    79 ||   256
Invok: Berserk           |     2 |     1 ||     3
  Use: Scroll            |     4 |       ||     4
       Potion            |     3 |       ||     3
  Eat: Ration            |     2 |     2 ||     4
Armor: Animal skin       |    57 |       ||    57
       Chain mail        |    58 |   107 ||   165
Dodge: Dodged            |   141 |    35 ||   176

Table legend:
 A = Non-vault XP
 B = Vault XP
 C = Vault XP percentage of total XP
 D = Non-vault monster count
 E = Vault monster count
 F = Vault count percentage of total count
                 A         B        C        D         E       F
            +---------+---------+-------+---------+---------+-------
      Total |     198 |     277 |  58.3 |      43 |       8 |  15.7
            +---------+---------+-------+---------+---------+-------
        D:1 |      35 |       0 |   0.0 |      18 |       0 |   0.0
        D:2 |      82 |     266 |  76.4 |      15 |       2 |  11.8
        D:3 |      18 |      11 |  37.9 |       9 |       6 |  40.0
        D:4 |      63 |       0 |   0.0 |       1 |       0 |   0.0
            +---------+---------+-------+---------+---------+-------
